 Dungeon Crawl Stone Soup version 0.30.0-29-ga12c61a403 (webtiles) character file.

Game seed: 12909486927598498786

882 AgateBread the Digger (level 8, -2/57 HPs)
             Began as a Ghoul Earth Elementalist on June 23, 2023.
             Slain by Edmund
             ... wielding a +5 flail of protection
              (5 damage)
             ... on level 4 of the Dungeon.
             The game lasted 00:33:44 (4913 turns).

AgateBread the Digger (Ghoul Earth Elementalist)    Turns: 4913, Time: 00:33:45

Health: -2/57      AC:  5    Str: 12    XL:     8   Next: 5%
Magic:  0/9        EV: 12    Int: 16    God:
Gold:   883        SH:  0    Dex: 15    Spells: 6/10 levels left

rFire   . .          .
                       - Unarmed
rCold   + . .        (no shield)
rNeg    + + +        b - +2 robe of Noughts and Crosses {Int+4 Stlth+}
rPois   ∞            (no helmet)
rElec   .            l - scarf {shadows}
rCorr   .            (no gloves)
SInv    .            B - +0 pair of boots
Will    +....        h - amulet of guardian spirit
Stlth   +++          j - +6 ring of dexterity
HPRegen 0.00/turn    p - ring of willpower
MPRegen 0.11/turn

%: guardian spirit
@: inhibited regen
A: claws 1, cold resistance 1, negative energy resistance 3, inhibited
regeneration, torment resistance 2, devour on kill
a: no special abilities


You were on level 4 of the Dungeon.
You visited 1 branch of the dungeon, and saw 5 of its levels.

You collected 1511 gold pieces.
You spent 628 gold pieces at shops.

Inventory:

Hand Weapons
 s - a +3 spectral scythe
Missiles
 w - 2 javelins
Armour
 b - the +2 robe of Noughts and Crosses (worn) {Int+4 Stlth+}
   (You bought it in a shop on level 3 of the Dungeon)

   Int:       It affects your intelligence (+4).
   Stlth:     It makes you more stealthy.
 f - a +0 ring mail
 i - a +0 pair of gloves of strength
 l - a scarf of shadows (worn)
 o - a +0 scale mail
 A - a +0 chain mail
 B - a +0 pair of boots (worn)
Magical Staves
 u - a staff of conjuration
 y - a staff of fire
Jewellery
 h - an amulet of guardian spirit (around neck)
 j - a +6 ring of dexterity (left claw)
 p - a ring of willpower (right claw)
 v - a +6 ring of dexterity
Wands
 t - a wand of flame (4)
Scrolls
 d - a scroll of magic mapping
 e - 2 scrolls of immolation
 m - a scroll of enchant weapon
 q - a scroll of noise
Potions
 a - 2 potions of attraction
 c - a potion of brilliance {unknown}
 n - a potion of curing


   Skills:
 - Level 1.7 Dodging
 - Level 2.1 Stealth
 + Level 6.1 Unarmed Combat
 - Level 1.7 Spellcasting
 - Level 3.0 Transmutations
 + Level 7.1 Earth Magic


You had 6 spell levels left.
You knew the following spells:

 Your Spells              Type           Power      Damage    Failure   Level
a - Sandblast             Erth           48%        2d12      1%          1
b - Stone Arrow           Conj/Erth      24%        3d8       14%         3

Your spell library contained the following spells:

 Spells                   Type           Power      Damage    Failure   Level
 Passwall                 Tmut/Erth      14%        N/A       4%          2
 Shock                    Conj/Air       4%         1d3       22%         1
 Petrify                  Tmut/Erth      17%        N/A       26%         4
 Static Discharge         Conj/Air       2%         2-3/arc   32%         2
 Ozocubu's Armour         Ice            1%         N/A       54%         3
 Swiftness                Air            1%         N/A       54%         3
 Airstrike                Air            0%         2d(1-17)  91%         4
 Summon Lightning Spire   Summ/Air       1%         N/A       91%         4
 Ozocubu's Refrigeration  Ice            0%         4d7       100%        7


Dungeon Overview and Level Annotations

Branches:
Dungeon (5/15)
 Temple: D:4-7

Altars:

Shops:
D:3 [

Annotations:
D:4 Edmund


Innate Abilities, Weirdness & Mutations

You are immune to poison.
You have sharp fingernails.
Your flesh is cold resistant. (rC+)
You are immune to negative energy. (rN+++)
You do not regenerate when monsters are visible.
You are immune to unholy pain and torment.
You thrive by killing the living.


Message History

Edmund is moderately wounded.
Edmund hits you with a +5 flail of protection.
You barely miss Edmund. You claw Edmund.
Edmund is heavily wounded.
Edmund hits you with a +5 flail of protection.
You scratch Edmund but do no damage.
Edmund is moderately wounded.
Edmund hits you with a +5 flail of protection!
You closely miss Edmund. You claw Edmund.
Edmund is heavily wounded.
Edmund hits you with a +5 flail of protection!
You claw Edmund!
Edmund is heavily wounded.
Edmund barely misses you.
You scratch Edmund but do no damage.
Edmund is heavily wounded.
Edmund hits you with a +5 flail of protection.
You scratch Edmund.
Edmund is severely wounded.
You scratch Edmund.
Edmund is severely wounded.
Edmund hits you with a +5 flail of protection.
You closely miss Edmund.
Edmund is severely wounded.
Edmund closely misses you.
You closely miss Edmund.
Edmund is severely wounded.
Edmund hits you with a +5 flail of protection!
You scratch Edmund.
Edmund is almost dead.
Edmund hits you with a +5 flail of protection!
* * * LOW HITPOINT WARNING * * *
You scratch Edmund but do no damage.
Edmund is almost dead.
Edmund hits you with a +5 flail of protection!
* * * LOW HITPOINT WARNING * * *
You scratch Edmund but do no damage.
Edmund is almost dead.
Edmund hits you with a +5 flail of protection.
You die...

.....# #......##
.....# ##.......##
.....# #####
#.........# )....#
##...###.#.......#
.....#
##.....##.##....###
....##
##.......#.#######
...## ##........#)#
.### #>..........#
## #.....@@....#
#..........<#
##.......#..#
###....##.##
#######.# ###


You could see Edmund.

Vanquished Creatures
  Grinder (D:5)
  Sigmund (D:2)
  A black bear (D:4)
  2 scorpions
  A howler monkey (D:4)
  3 orc priests (D:4)
  A sleepcap (D:4)
  An iguana (D:4)
  4 gnolls
  2 adders
  3 dart slugs
  8 orcs
  9 bats
  3 endoplasms
  3 giant cockroaches
  8 goblins
  5 hobgoblins
  3 jackals (D:2)
  3 quokkas
  6 ball pythons
  2 frilled lizards (D:2)
  6 kobolds
  6 rats
82 creatures vanquished.

Notes
Turn   | Place    | Note
-------+----------+-------------------------------------------
     0 | D:1      | AgateBread the Ghoul Earth Elementalist began the quest for
                  | the Orb.
     0 | D:1      | Reached XP level 1. HP: 14/14 MP: 2/2
   173 | D:1      | Reached skill level 1 in Transmutations
   292 | D:1      | Reached XP level 2. HP: 20/20 MP: 3/3
   425 | D:1      | Reached skill level 1 in Unarmed Combat
   677 | D:2      | Noticed Sigmund
   686 | D:1      | Reached XP level 3. HP: 20/26 MP: 1/4
  1090 | D:2      | Learned a level 3 spell: Stone Arrow
  1538 | D:2      | Killed Sigmund
  1539 | D:2      | Reached skill level 4 in Earth Magic
  1539 | D:2      | Reached XP level 4. HP: 28/33 MP: 0/5
  1539 | D:2      | Reached XP level 5. HP: 33/38 MP: 0/6
  2337 | D:3      | Reached XP level 6. HP: 45/45 MP: 7/7
  2388 | D:3      | Found Qimod's Armour Boutique.
  2391 | D:3      | Bought a +0 pair of boots for 63 gold pieces
  2867 | D:4      | Reached skill level 5 in Earth Magic
  3202 | D:4      | Noticed a black bear
  3209 | D:4      | Killed a black bear
  3210 | D:4      | Reached XP level 7. HP: 43/50 MP: 6/8
  3342 | D:4      | Reached skill level 6 in Earth Magic
  3616 | D:4      | Reached skill level 5 in Unarmed Combat
  4149 | D:5      | Entered Level 5 of the Dungeon
  4254 | D:5      | Noticed Grinder
  4272 | D:5      | Killed Grinder
  4273 | D:5      | Reached skill level 7 in Earth Magic
  4273 | D:5      | Reached XP level 8. HP: 44/57 MP: 6/9
  4306 | D:5      | Noticed Edmund
  4580 | D:3      | Identified a scroll of acquirement
  4580 | D:3      | Acquired 1279 gold pieces
  4633 | D:3      | Bought the +2 robe of Noughts and Crosses {Int+4 Stlth+}
                  | for 404 gold pieces
  4633 | D:3      | Bought a +0 pair of gloves of strength for 161 gold pieces
  4913 | D:4      | Slain by Edmund

Illustrated notes

Levels and vault maps discovered:
D:1:      sevenhm_arrival_forest_fort_small_1, layout_rooms
D:2:      layout_rooms, serial_co_window_serial, co_window_of_opportunity_a,
          co_window_paths_a, co_window_of_opportunity_a,
          co_window_of_opportunity_a, co_window_corner_a, co_window_corner_b,
          co_window_broadway_b, co_window_corner_b, co_window_broadway_a,
          co_window_sun, co_window_4corner_b, glass_columns_b, glass_columns_b,
          glass_columns_a, uniq_sigmund
D:3:      layout_basic, serial_shops, nicolae_shop_real_fake_doors
D:4:      layout_cave_pods
D:5:      layout_basic, uniq_grinder, uniq_menkaure, uniq_edmund

Skill      XL: |  1  2  3  4  5  6  7 |
---------------+----------------------+-----
Transmutations | 1 2 3 |  3.0
Unarmed Combat | 1 3 4 6 |  6.1
Earth Magic    | 4 5 7 |  7.1
Dodging        | |  1.7
Stealth        | |  2.1
Spellcasting   | |  1.7

Action                     |  1- 3 |  4- 6 |  7- 9 || total
---------------------------+-------+-------+-------++-------
  Melee: Unarmed           |   124 |    90 |    83 ||   297
         Punch             |     3 |     2 |     6 ||    11
  Throw: Dart              |     1 |     1 |     1 ||     3
         Javelin           |       |       |     3 ||     3
   Cast: Sandblast         |    28 |     8 |    21 ||    57
  Evoke: Wand              |       |     7 |     2 ||     9
    Use: Scroll            |     2 |     6 |     4 ||    12
         Potion            |     1 |       |     2 ||     3
   Stab: Sleeping          |     1 |     4 |       ||     5
         Distracted        |       |       |     1 ||     1
 Armour: Leather armour    |    52 |    22 |     5 ||    79
  Dodge: Dodged            |   106 |    51 |    26 ||   183
